 Dungeon Crawl Stone Soup version 0.23-a0-14-g8c9a20f (webtiles) character file.

32536 Amnesiac the Destroyer (level 13, -4/79 HPs)
             Began as a Mummy Conjurer on Aug 2, 2018.
             Was a High Priest of Vehumet.
             Slain by Rupert
             ... wielding a +1 great sword of slicing
              (24 damage)
             ... on level 14 of the Dungeon.
             The game lasted 00:35:57 (21702 turns).

Amnesiac the Destroyer (Mummy Conjurer)            Turns: 21702, Time: 00:35:57

Health: -4/79      AC:  8    Str: 14    XL:     13   Next: 31%
Magic:  31/31      EV: 13    Int: 22    God:    Vehumet [*****.]
Gold:   1192       SH:  7    Dex: 11    Spells: 23/41 levels left

rFire    . . .     SeeInvis .   a - +11 falchion "Fodyiw" {venom, Str+3 Int+3 Dex-2}
rCold    + . .     Gourm    .   r - +2 buckler
rNeg     + + +     Faith    .   x - +0 troll leather armour
rPois    ∞         Spirit   .   (no helmet)
rElec    .         Reflect  .   q - +0 cloak
rCorr    .         Harm     .   (no gloves)
MR       +....                  k - +2 pair of boots
Stlth    +.........             (no amulet)
HPRegen  0.63/turn              h - ring of wizardry
MPRegen  0.22/turn              s - ring of protection from fire

@: no status effects
A: no food or potions, fire vulnerability, cold resistance 1, negative energy
resistance 3, torment resistance, unbreathing, in touch with death 1
a: Renounce Religion


You were on level 14 of the Dungeon.
You worshipped Vehumet.
Vehumet was extremely pleased with you.
You were not hungry.

You visited 2 branches of the dungeon, and saw 15 of its levels.
You also visited: Bailey.

You collected 1192 gold pieces.

Inventory:

Hand Weapons
 a - the +11 falchion "Fodyiw" (weapon) {venom, Str+3 Int+3 Dex-2}
   (You found it on level 6 of the Dungeon)

   It poisons the flesh of those it strikes.
   It affects your strength (+3).
   It affects your intelligence (+3).
   It affects your dexterity (-2).
Missiles
 d - 4 javelins (quivered)
 B - 18 javelins of returning
Armour
 k - a +2 pair of boots (worn)
 o - +0 acid dragon scales
 q - a +0 cloak (worn)
 r - a +2 buckler (worn)
 w - the +3 leather armour of the Old World {rElec MP-9 Str+4}
   (You found it on level 10 of the Dungeon)

   It affects your strength (+4).
   It insulates you from electricity.
   It affects your magic capacity (-9).
 x - a +0 troll leather armour (worn)
Jewellery
 f - an uncursed amulet of faith {unknown}
 h - a ring of wizardry (left hand)
 n - an uncursed ring of flight
 s - a ring of protection from fire (right hand)
Wands
 b - a wand of flame (4)
 e - a wand of enslavement (7)
 i - a wand of polymorph (12)
 m - a wand of digging (18)
 v - a wand of disintegration (7)
 z - a wand of iceblast (7)
Scrolls
 c - 3 scrolls of magic mapping {!r}
 g - 4 scrolls of remove curse {!r}
 l - a scroll of fog {!r}
 p - a scroll of enchant weapon {!r}
 y - a scroll of amnesia {!r}
 A - a scroll of enchant armour {!r}
Miscellaneous
 t - a lightning rod (4/4)


   Skills:
 - Level 5.0 Dodging
 - Level 1.5 Stealth
 - Level 5.0 Shields
 + Level 14.5 Spellcasting
 * Level 14.5 Conjurations


You had 23 spell levels left.
You knew the following spells:

 Your Spells              Type           Power        Failure   Level  Hunger
a - Iskenderun's Mystic   Conj           ######..     1%          4    N/A
d - Searing Ray           Conj           ######       0%          2    N/A
q - Fulminant Prism       Conj/Hex       #####.....   1%          4    N/A
w - Yara's Violent Unrav  Hex/Tmut       ###.......   14%         5    N/A
z - Ozocubu's Armour      Chrm/Ice       ###.....     6%          3    N/A

Your spell library contained the following spells:

 Spells                   Type           Power        Failure   Level  Hunger
 Magic Dart               Conj           ####         0%          1    N/A
 Throw Frost              Conj/Ice       #####.       1%          2    N/A
 Freeze                   Ice            ###.         1%          1    N/A
 Summon Ice Beast         Ice/Summ       ###.....     19%         4    N/A
 Sublimation of Blood     Necr           ###.......   3%          2    N/A
 Throw Icicle             Conj/Ice       #####...     1%          4    N/A
 Ignite Poison            Fire/Tmut/Pois ###.....     1%          3    N/A
 Alistair's Intoxication  Tmut/Pois      ###.....     45%         5    N/A
 Petrify                  Tmut/Erth      ###.....     19%         4    N/A
 Dazzling Spray           Conj/Hex       #####.       1%          3    N/A
 Force Lance              Conj/Tloc      #####...     1%          4    N/A
 Irradiate                Conj/Tmut      #####.....   1%          5    N/A

Dungeon Overview and Level Annotations

Branches:
Dungeon (14/15)            Temple (1/1) D:7            Lair (0/6) D:11
    Orc (0/2) D:9          Vaults (0/5) D:14

Altars:
Ashenzari
Cheibriados
Dithmenos
Fedhas
Gozag
Kikubaaqudgha
Nemelex Xobeh
Okawaru
Qazlal
Ru
Sif Muna
Trog
Uskayaw
Vehumet
Wu Jian
Xom
Yredelemnul
Zin
The Shining One

Shops:
D:12 :

Annotations:
D:1 dig to ring
D:8 2 transporters
D:14 Nessos, Rupert, Urug


Innate Abilities, Weirdness & Mutations

You do not eat or drink.
Your flesh is vulnerable to fire.
You are immune to poison.
Your flesh is cold resistant. (rC+)
You are immune to negative energy. (rN+++)
You are immune to unholy pain and torment.
You can survive without breathing.
You are in touch with the powers of death.


Message History

The gargoyle closely misses you.
The centaur warrior zombie completely misses you.
The gargoyle hurls a stone arrow at you.
The stone arrow misses you. The yak gores you.
* * * LOW HITPOINT WARNING * * *
The human shouts!
You hear a shout!
The centaur warrior zombie hits you.
* * * LOW HITPOINT WARNING * * *
You block the yak's attack. The human closely misses you.
Rupert shouts!
The human barely misses you.
You riposte.
You slash the human!
The human is moderately wounded.
The centaur warrior zombie hits you.
* * * LOW HITPOINT WARNING * * *
You block the human's attack.
Okay, then.
You block the centaur warrior zombie's attack.
The yak appears out of thin air!
A yak comes into view.
Rupert yells loudly at you.
You suddenly lose the ability to move!
The human hits you!
* * * LOW HITPOINT WARNING * * *
The human shouts!
The human hits you but does no damage.
Urug screams, "Bird-brain!"
The human hits you.
* * * LOW HITPOINT WARNING * * *
Rupert roars madly and goes into a rage!
Rupert goes berserk!
You can move again.
Unknown command.
Unknown command.
Unknown command.
Unknown command.
Okay, then.
Rupert misses you.
You riposte.
You completely miss Rupert. The human completely misses you.
Rupert rages.
You block the human's attack.
Rupert rages.
You block Rupert's attack. Rupert closely misses you.
Casting: Iskenderun's Mystic Blast (safe; 1% risk of failure)
Confirm with . or Enter, or press ? or * to list all spells.
Okay, then.
Unknown command.
Casting: Iskenderun's Mystic Blast (safe; 1% risk of failure)
Confirm with . or Enter, or press ? or * to list all spells.
Okay, then.
Casting: Iskenderun's Mystic Blast (safe; 1% risk of failure)
Confirm with . or Enter, or press ? or * to list all spells.
Aiming: Yara's Violent Unravelling (slightly dangerous; 14% risk of failure)
Press: ? - help, Shift-Dir - straight line, f - you
Okay, then.
Casting: Yara's Violent Unravelling (slightly dangerous; 14% risk of failure)
Confirm with . or Enter, or press ? or * to list all spells.
Okay, then.
Okay, then.
Rupert rages.
Rupert hits you with a great sword of slicing!!
You die...

*,#.#* *,,........##*** *****
*,#..* *,,......)..,,,* ,,,,*
*,#..##*,,........###,* ,,,,*
#,#...#***,#......†.#,* ,,,,*
*###.##..## *..!.#####(#,*
....#
*.........##########...#,*
....#
*.............(........#,*
...%*
*......#...##......).#.#,*
...,*
*......##.@##.#.#.#..#.#,*
..,,*
*......##.@.#.....(((#.#,*
.,,,*
*......###..#.#.#.#.<#.#,*
#**** *......#
#.D#.......##.#,*#
#######..p...#
##Y#.#c#.#..#.#,..
...o.........#
#p9...p......##.#
######oc.....# #.p.o9#..###.#.#
# #.####### #Y>...........#
######.#####################.##


You could see Rupert (berserk), an eight-headed hydra, 2 yaks, 2 humans and a
gargoyle.

Vanquished Creatures
  The ghost of emiel the Destroyer, a journeyman OgWz of Cheibriados (D:9)
  Erolcha (D:10)
  An ogre mage (D:11)
  The ghost of HydraWiggins the Conjurer, a journeyman GrWz of Sif Muna (D:12)
  Harold (D:8)
  Erica (D:8)
  8 two-headed ogres
  A catoblepas (D:13)
  2 tengu warriors (D:13)
  2 unseen horrors
  2 wolf spider zombies
  An ugly thing (D:13)
  2 manticores (D:13)
  A centaur zombie (D:11)
  A komodo dragon (D:11)
  4 trolls
  Prince Ribbit (D:8)
  6 slime creatures
  9 hippogriffs
  A spriggan (D:7)
  2 wraiths
  2 shadows
  2 wyverns
  4 vampires
  A human (D:13)
  8 yaks
  2 hungry ghosts (D:9)
  7 vampire mosquitoes
  An acid dragon (D:11)
  4 phantoms
  2 eyes of draining (D:11)
  A hornet zombie (D:7)
  16 orc warriors
  3 ice beasts
  4 sky beasts
  7 ogres
  29 centaurs
  2 big kobolds
  10 bullfrogs
  4 scorpions
  6 killer bees (D:13)
  7 wights
  2 howler monkeys
  8 crimson imps
  2 bullfrog zombies
  5 jellies
  7 orc priests
  8 hounds
  A gnoll shaman (D:8)
  4 centaur skeletons
  2 bullfrog skeletons
  4 iguanas
  10 orc wizards
  10 worker ants
  3 hound skeletons
  A mummy (D:9)
  A howler monkey zombie (D:8)
  2 worker ant zombies
  9 gnolls
  2 howler monkey skeletons (D:4)
  11 adders
  2 shadow imps (D:11)
  2 oozes
  An adder skeleton (D:5)
  5 worms
  A dart slug (D:2)
  8 leopard geckos
  82 orcs
  2 ball pythons
  2 giant cockroaches
  9 goblins
  4 hobgoblins
  4 jackals (D:7)
  13 kobolds
  6 quokkas
  3 bats
  3 frilled lizards
  A leopard gecko skeleton (D:5)
  A quokka zombie (D:7)
  2 rats
  3 fulminant prisms
417 creatures vanquished.

Vanquished Creatures (others)
  27 fulminant prisms
27 creatures vanquished.

Grand Total: 444 creatures vanquished

Notes
Turn   | Place    | Note
-------+----------+-------------------------------------------
     0 | D:1      | Amnesiac the Mummy Conjurer began the quest for the Orb.
     0 | D:1      | Reached XP level 1. HP: 13/13 MP: 4/4
   326 | D:2      | Reached XP level 2. HP: 19/19 MP: 0/6
   549 | D:3      | Learned a level 2 spell: Searing Ray
   718 | D:5      | Entered Level 5 of the Dungeon
   729 | D:4      | Reached XP level 3. HP: 24/24 MP: 2/8
   862 | D:4      | Reached XP level 4. HP: 30/30 MP: 3/9
   868 | D:4      | Learned a level 4 spell: Iskenderun's Mystic Blast
  1007 | D:4      | Found a bloodstained altar of Trog.
  1007 | D:4      | Found a hide-covered altar of Uskayaw.
  1269 | D:4      | Reached XP level 5. HP: 11/35 MP: 2/11
  1275 | D:4      | Learned a level 4 spell: Fulminant Prism
  1305 | D:4      | HP: 1/35 [worker ant (7)]
  1787 | D:5      | Noticed a sky beast
  1821 | D:4      | Killed a sky beast
  1821 | D:4      | Reached XP level 6. HP: 18/41 MP: 2/13
  2003 | D:4      | Noticed a hippogriff
  2239 | D:4      | Reached skill level 5 in Conjurations
  2424 | D:4      | Killed a hippogriff
  2424 | D:4      | Reached skill level 5 in Spellcasting
  2956 | D:5      | Reached XP level 7. HP: 46/46 MP: 2/15
  4661 | D:6      | Reached XP level 8. HP: 29/52 MP: 1/18
  4673 | D:6      | Got a faintly glowing falchion
  4674 | D:6      | Identified the +11 falchion "Fodyiw" {venom, Str+3 Int+3 Dex-2} (You found it on level 6 of the Dungeon)
  4888 | D:6      | Found a sparkling altar of Nemelex Xobeh.
  6213 | D:7      | Reached XP level 9. HP: 28/57 MP: 3/21
  6374 | D:7      | Found a staircase to the Ecumenical Temple.
  6381 | Temple   | Entered the Ecumenical Temple
  6385 | Temple   | Became a worshipper of Vehumet
  7456 | D:3      | Reached * piety under Vehumet
  7456 | D:3      | Offered knowledge of Sting by Vehumet.
  7851 | D:3      | Found a stormy altar of Qazlal.
  8150 | D:7      | Reached skill level 1 in Shields
  8305 | D:7      | Found a sparkling altar of Nemelex Xobeh.
  8309 | D:7      | Found a sacrificial altar of Ru.
  8309 | D:7      | Found an opulent altar of Gozag.
  8468 | D:7      | Found an ancient bone altar of Kikubaaqudgha.
  8814 | D:8      | Found a shadowy altar of Dithmenos.
  8814 | D:8      | Noticed a deep elf mage
  8873 | D:8      | Found a transporter.
  8910 | D:8      | Noticed a troll
  8919 | D:8      | Killed a troll
  8989 | D:8      | Found a transporter.
  8991 | D:8      | Noticed Prince Ribbit
  9001 | D:8      | Killed Prince Ribbit
  9135 | D:8      | Offered knowledge of Sandblast by Vehumet.
  9141 | D:8      | Noticed a two-headed ogre
  9155 | D:7      | Reached ** piety under Vehumet
  9624 | D:8      | Noticed Erica
  9632 | D:8      | Killed Erica
  9739 | D:8      | Reached XP level 10. HP: 63/63 MP: 9/23
  9742 | D:8      | Noticed Harold
  9751 | D:8      | HP: 3/63 [Harold/mace (18)]
  9758 | D:8      | HP: 2/63 [gnoll shaman/wand of flame (23) (3)]
 10149 | D:8      | Noticed a two-headed ogre
 10153 | D:8      | Killed a two-headed ogre
 10496 | D:8      | Killed a two-headed ogre
 10496 | D:8      | Reached skill level 10 in Spellcasting
 10496 | D:8      | Reached skill level 10 in Conjurations
 10721 | D:8      | Killed Harold
 11073 | D:9      | Found a glowing silver altar of Zin.
 11107 | D:9      | Reached skill level 5 in Dodging
 11240 | D:9      | Found a transporter.
 11246 | D:9      | Noticed emiel's ghost (journeyman OgWz)
 11325 | D:9      | Found an iron altar of Okawaru.
 11540 | D:9      | Found a staircase to the Orcish Mines.
 11774 | D:9      | Offered knowledge of Stone Arrow by Vehumet.
 11880 | D:9      | Found a transporter.
 11984 | D:9      | Reached *** piety under Vehumet
 12068 | D:9      | Found a stormy altar of Qazlal.
 12274 | D:9      | Found an ornate altar of the Wu Jian Council.
 12480 | D:9      | Reached XP level 11. HP: 35/68 MP: 1/25
 12816 | D:9      | Killed emiel's ghost
 12816 | D:9      | Reached skill level 5 in Shields
 13112 | D:10     | Entered Level 10 of the Dungeon
 13464 | D:9      | Found a glowing silver altar of Zin.
 13479 | D:9      | Found a transporter.
 13555 | D:9      | Found a transporter.
 13717 | D:9      | Found a staircase to the Orcish Mines.
 13819 | D:9      | Found a stormy altar of Qazlal.
 13820 | D:9      | Found an ornate altar of the Wu Jian Council.
 13896 | D:9      | Found an iron altar of Okawaru.
 14072 | D:10     | Noticed Erolcha
 14151 | D:10     | Killed Erolcha
 14283 | D:10     | Got a polished leather armour
 14304 | D:10     | Killed an unseen horror
 14304 | D:10     | Offered knowledge of Sticky Flame by Vehumet.
 15086 | D:11     | Identified the +3 leather armour of the Old World {rElec MP-9 Str+4} (You found it on level 10 of the Dungeon)
 15137 | D:11     | Noticed a two-headed ogre
 15150 | D:11     | Killed a two-headed ogre
 15180 | D:11     | Reached **** piety under Vehumet
 15395 | D:11     | Noticed a two-headed ogre
 15399 | D:11     | Killed a two-headed ogre
 15401 | D:11     | Noticed an ogre mage
 15403 | D:11     | Paralysed by an ogre mage for 5 turns
 15405 | D:11     | Noticed a two-headed ogre
 15413 | D:11     | Killed an ogre mage
 15415 | D:11     | Killed a two-headed ogre
 15512 | D:11     | Reached XP level 12. HP: 72/74 MP: 3/28
 15525 | D:11     | Offered knowledge of Venom Bolt by Vehumet.
 15977 | D:11     | Noticed a two-headed ogre
 16053 | D:11     | Killed a two-headed ogre
 16220 | D:11     | Found a staircase to the Lair.
 16840 | D:12     | Found Ozuatej's Book Boutique.
 16971 | D:12     | Noticed a two-headed ogre
 16975 | D:12     | Killed a two-headed ogre
 16980 | D:12     | Learned a level 3 spell: Ozocubu's Armour
 17050 | D:12     | Reached ***** piety under Vehumet
 17058 | D:12     | Found a runed gate.
 17060 | D:12     | Found a runed gate.
 17062 | D:12     | Found a runed gate.
 17063 | D:12     | Noticed HydraWiggins's ghost (journeyman GrWz)
 17308 | D:12     | Killed HydraWiggins's ghost
 17664 | D:13     | Offered knowledge of Yara's Violent Unravelling by Vehumet.
 17682 | D:13     | Learned a level 5 spell: Yara's Violent Unravelling
 17735 | D:13     | Noticed a tengu warrior
 17743 | D:13     | Killed a tengu warrior
 17746 | D:13     | Noticed a tengu warrior
 17790 | D:13     | Killed a tengu warrior
 18805 | D:13     | Noticed a catoblepas
 18826 | D:13     | Killed a catoblepas
 19009 | D:13     | Gained mutation: You are in touch with the powers of death. [Mummy growth]
 19009 | D:13     | Reached XP level 13. HP: 62/79 MP: 22/31
 19435 | D:14     | Found a gate to the Vaults.
 19435 | D:14     | Noticed Nessos
 19435 | D:14     | Noticed Rupert
 19435 | D:14     | Noticed Urug
 19988 | D:14     | Found a flagged portal.
 19991 | Bailey   | Entered a bailey
 21690 | D:14     | Paralysed by Rupert for 4 turns
 21702 | D:14     | Slain by Rupert

Vault maps used:
D:1:      minmay_arrival_glassed_features, minmay_misc_feat_hallway,
          serial_bayou_lagoon_a
D:2:      first_ration
D:3:      nicolae_qazlal_eye_of_the_storm
D:4:      cheibrodos_barr_body, gammafunk_temple_overflow_elements
D:6:      nemelex_spade_bored_becter
D:7:      kiku_gazebo_pond_becter, nicolae_overflow_hidden_temple,
          minmay_temple_entry_hall, minmay_misc_feat_columns, the_bakery
D:8:      gammafunk_temple_overflow_arena, grunt_decor_mini_mirrors,
          uniq_harold, uniq_erica, uniq_prince_ribbit1
D:9:      minitemple, old_standard_altar, hiddenorc2_lemuel,
          gammafunk_ghost_mausoleum, okawaru_trees_2
D:10:     uniq_erolcha
D:11:     lair_entry_dummy, minmay_misc_feat_tower
D:12:     ebering_ghost_rock_garden, serial_shops, nicolae_shop_waterfront
D:14:     david_vaults_3, glass_columns_b, enter_bailey_2
Temple:   nicolae_temple_x_marks_the_god
Bailey:   bailey_polearm_flooded_kennysheep, bailey

Skill      XL: |  1  2  3  4  5  6  7  8  9 10 11 12 |
---------------+-------------------------------------+-----
Spellcasting   | 3 4 5 6 8 9 10 12 14 | 14.5
Dodging        | 2 3 5 |  5.0
Conjurations   | 4 5 7 8 9 10 12 14 | 14.5
Shields        | 4 5 |  5.0
Stealth        | |  1.5

Action                   |  1- 3 |  4- 6 |  7- 9 | 10-12 | 13-15 || total
-------------------------+-------+-------+-------+-------+-------++-------
Melee: Dagger            |    10 |     4 |    28 |       |       ||    42
       Trident           |       |    10 |       |       |       ||    10
       Falchion          |       |       |    47 |   140 |    13 ||   200
Throw: Javelin           |     1 |       |       |       |       ||     1
 Cast: Magic Dart        |    19 |    21 |       |       |       ||    40
       Searing Ray       |     4 |     8 |     7 |     1 |       ||    20
       Iskenderun's Myst |       |    15 |   160 |   345 |   129 ||   649
       Fulminant Prism   |       |     2 |     3 |    26 |       ||    31
       Ozocubu's Armour  |       |       |       |       |     1 ||     1
Evoke: Wand              |       |       |     2 |    13 |    14 ||    29
       Lightning rod     |       |       |       |     6 |       ||     6
  Use: Scroll            |       |     5 |     7 |     3 |     7 ||    22
 Stab: Sleeping          |       |     1 |     1 |       |       ||     2
       Distracted        |       |       |       |     1 |       ||     1
Armor: Robe              |     5 |     8 |    15 |    14 |       ||    42
       Troll leather arm |       |       |       |    57 |    28 ||    85
Dodge: Dodged            |    11 |    20 |    76 |   142 |    74 ||   323
Block: Buckler           |       |       |     3 |    83 |    39 ||   125
       Rpst.: Falchion   |       |       |    14 |    34 |    15 ||    63

Table legend:
 A = Spawn XP
 B = Non-spawn XP
 C = Spawn XP percentage of total XP
 D = Spawn monster count
 E = Non-spawn monster count
 F = Spawn count percentage of total count
 G = Total turns spent on level
                    A         B        C        D         E        F      G
               +---------+---------+-------+---------+---------+-------+---------
         Total |       0 |   46480 |   0.0 |       0 |     414 |   0.0 | 21702
               +---------+---------+-------+---------+---------+-------+---------
           D:1 |       0 |      17 |   0.0 |       0 |      10 |   0.0 |   682
           D:2 |       0 |      59 |   0.0 |       0 |      13 |   0.0 |   605
           D:3 |       0 |     142 |   0.0 |       0 |      29 |   0.0 |  1119
           D:4 |       0 |     759 |   0.0 |       0 |      23 |   0.0 |  2109
           D:5 |       0 |     592 |   0.0 |       0 |      20 |   0.0 |  1602
           D:6 |       0 |     845 |   0.0 |       0 |      15 |   0.0 |  1612
           D:7 |       0 |    1342 |   0.0 |       0 |      36 |   0.0 |  1695
           D:8 |       0 |    5312 |   0.0 |       0 |      24 |   0.0 |  1511
           D:9 |       0 |    3707 |   0.0 |       0 |      59 |   0.0 |  3106
          D:10 |       0 |    3024 |   0.0 |       0 |      19 |   0.0 |   975
          D:11 |       0 |    9992 |   0.0 |       0 |      53 |   0.0 |  1542
          D:12 |       0 |    2832 |   0.0 |       0 |      12 |   0.0 |   841
          D:13 |       0 |   11917 |   0.0 |       0 |      47 |   0.0 |  2357
          D:14 |       0 |    3650 |   0.0 |       0 |      15 |   0.0 |   292
        Bailey |       0 |    2290 |   0.0 |       0 |      39 |   0.0 |  1645
               +---------+---------+-------+---------+---------+-------+---------
